 Dungeon Crawl Stone Soup version 0.23-a0-767-gdc19b93 (console) character file.

325 Duffy the Magician (level 6, -2/33 HPs)
             Began as a Deep Elf Fire Elementalist on Jan 19, 2019.
             Slain by a phantom (9 damage)
             ... on level 4 of the Dungeon.
             The game lasted 00:04:23 (3705 turns).

Duffy the Magician (Deep Elf Fire Elementalist)     Turns: 3705, Time: 00:04:24

Health: -2/33      AC:  2    Str:  5    XL:     6   Next: 24%
Magic:  10/15      EV: 13    Int: 22    God:
Gold:   248        SH:  0    Dex: 15    Spells: 2/15 levels left

rFire    . . .     SeeInvis .   c - 13 rations
rCold    . . .     Gourm    .   (no shield)
rNeg     . . .     Faith    .   a - +0 robe
rPois    .         Spirit   .   (no helmet)
rElec    .         Reflect  .   (no cloak)
rCorr    .         Harm     .   (no gloves)
MR       .....                  (no boots)
Stlth    ++........             (no amulet)
HPRegen  0.11/turn              (no ring)
MPRegen  0.14/turn              (no ring)

@: no status effects
A: no striking features
a: no special abilities


You were on level 4 of the Dungeon.
You were not hungry.

You visited 1 branch of the dungeon, and saw 4 of its levels.

You collected 248 gold pieces.

Inventory:

Armour
 a - a +0 robe (worn)
Scrolls
 d - 3 scrolls of identify {unknown}
 f - 6 scrolls of remove curse {unknown}
 g - a scroll of teleportation {unknown}
 i - a scroll of amnesia {unknown}
 j - a scroll of fog {unknown}
 o - a scroll of enchant armour {unknown}
Potions
 b - 3 potions of heal wounds {unknown}
 e - a potion of agility {unknown}
 h - a potion of resistance {unknown}
 k - a potion of haste {unknown}
 l - a potion of ambrosia {unknown}
 m - 3 potions of curing {unknown}
 p - a potion of invisibility {unknown}
Comestibles
 c - 13 rations (in hand)
 n - a chunk of flesh


   Skills:
 + Level 0.3 Fighting
 + Level 2.6 Dodging
 - Level 2.4 Stealth
 - Level 5.1 Spellcasting
 - Level 4.7 Conjurations
 - Level 4.7 Fire Magic


You had 2 spell levels left.
You knew the following spells:

 Your Spells              Type           Power        Failure   Level  Hunger
h - Flame Tongue          Conj/Fire      ####.        1%          1    None
j - Sticky Flame          Conj/Fire      ####....     14%         4    ####...
k - Fireball              Conj/Fire      ####......   36%         5    #####..
l - Conjure Flame         Conj/Fire      ####....     4%          3    ##.....

Your spell library contained the following spells:

 Spells                   Type           Power        Failure   Level  Hunger
 Throw Flame              Conj/Fire      ####..       2%          2    None
 Inner Flame              Hex/Fire       ###.....     12%         3    ##.....


Dungeon Overview and Level Annotations

Branches:
Dungeon (4/15)
 Temple: D:4-7

Altars:
Dithmenos
The Shining One

Annotations:
D:4 Natasha


Message History

Aim: a worker ant (almost dead)
The sticky flame hits the worker ant.
You kill the worker ant!
Natasha, Servant of Life and Death comes into view.
Casting: Sticky Flame (safe; 14% risk of failure)
Confirm with . or Enter, or press ? or * to list all spells.
Aiming: Flame Tongue (safe; 1% risk of failure)
Press: ? - help, Shift-Dir - straight line, f - phantom
Aim: a phantom (hasn't noticed you)
The flame tongue hits the phantom.
The phantom is lightly damaged.
The phantom hits you!
The phantom blinks!
The phantom hits you!
Natasha wildly gestures.
You feel troubled.
The phantom blinks!
The phantom hits you! The phantom hits you!
You die... .. 7...7 .# ... 7..P7 P.# 777P..777P..777P.# ..P..P.P.P.PP....###.# . ..................##.# P.
P......PP..P.P......# 7P 7..P7 7P.P7 7...##.# 7.. 7..P7 7PWP7

7P..##.#
77..%777P..777P.@777P.# #.#
.P..P..P.)PP....P.....# #.#
.............h........###%#
.....P.......P..PPPP......#
77P..777...777..P777P.#####
7P. 7P.P7 7P.P7 7..# 7.
7P..777P.P777P.# ..
.PP.....P..P.....####### .
.......................#


You could see a phantom and Natasha.

Vanquished Creatures
  Sigmund (D:2)
  Jessica (D:2)
  A worker ant (D:4)
  4 adders
  5 worms
  2 dart slugs
  The ghost of Duffy the Firebug, a weakling OpFE (D:3)
  4 leopard geckos
  2 orcs
  A ball python (D:2)
  5 bats
  9 giant cockroaches
  5 goblins
  5 hobgoblins
  4 jackals (D:2)
  2 quokkas
  4 frilled lizards
  6 kobolds
  13 rats
75 creatures vanquished.

Notes
Turn   | Place    | Note
-------+----------+-------------------------------------------
     0 | D:1      | Duffy the Deep Elf Fire Elementalist began the quest for
                  | the Orb.
     0 | D:1      | Reached XP level 1. HP: 10/10 MP: 6/6
   350 | D:1      | Reached XP level 2. HP: 15/15 MP: 6/8
  1118 | D:2      | Reached XP level 3. HP: 19/19 MP: 7/9
  1123 | D:2      | Learned a level 3 spell: Conjure Flame
  1309 | D:2      | Found a glowing golden altar of the Shining One.
  1309 | D:2      | Noticed Sigmund
  1313 | D:2      | Killed Sigmund
  1313 | D:2      | Reached skill level 4 in Spellcasting
  1313 | D:2      | Reached XP level 4. HP: 24/24 MP: 6/12
  1313 | D:2      | Reached XP level 5. HP: 28/28 MP: 6/13
  1323 | D:2      | Learned a level 4 spell: Sticky Flame
  1556 | D:2      | Noticed Jessica
  1558 | D:2      | Killed Jessica
  2689 | D:2      | Learned a level 5 spell: Fireball
  2823 | D:3      | Reached XP level 6. HP: 29/32 MP: 11/15
  2922 | D:3      | Reached skill level 5 in Spellcasting
  3031 | D:3      | Found a runed gate.
  3031 | D:3      | Found a runed gate.
  3031 | D:3      | Noticed Duffy's ghost (weakling OpFE)
  3032 | D:3      | Found a runed gate.
  3038 | D:3      | Killed Duffy's ghost
  3064 | D:3      | Found a shadowy altar of Dithmenos.
  3697 | D:4      | Noticed Natasha
  3705 | D:4      | Slain by a phantom

Vault maps used:
D:1:      sevenhm_arrival_forest_fort_small_6
D:2:      tso_metal_star, minmay_joined_circles, uniq_jessica, uniq_sigmund
D:3:      ebering_ghost_rock_garden, supply_closet_lemuel,
          nicolae_dithmenos_shadow_blocks
D:4:      first_ration, kennysheep_boxes, uniq_natasha

Skill      XL: |  1  2  3  4  5  6 |
---------------+-------------------+-----
Conjurations   | 2 3 4 |  4.7
Spellcasting   | 4 5 |  5.1
Fire Magic     | 4 |  4.7
Fighting       | |  0.3
Dodging        | |  2.6
Stealth        | |  2.4

Action                   |  1- 3 |  4- 6 || total
-------------------------+-------+-------++-------
 Cast: Flame Tongue      |    49 |    96 ||   145
       Sticky Flame      |       |     1 ||     1
  Eat: Chunk             |     1 |     7 ||     8
Armor: Robe              |     1 |     4 ||     5
Dodge: Dodged            |    12 |    14 ||    26

Table legend:
 A = Non-vault XP
 B = Vault XP
 C = Vault XP percentage of total XP
 D = Non-vault monster count
 E = Vault monster count
 F = Vault count percentage of total count
                 A         B        C        D         E       F
            +---------+---------+-------+---------+---------+-------
      Total |     201 |     264 |  56.8 |      64 |      11 |  14.7
            +---------+---------+-------+---------+---------+-------
        D:1 |      24 |       0 |   0.0 |      13 |       0 |   0.0
        D:2 |      92 |     261 |  73.9 |      31 |      10 |  24.4
        D:3 |      46 |       3 |   6.1 |      16 |       1 |   5.9
        D:4 |      39 |       0 |   0.0 |       4 |       0 |   0.0
            +---------+---------+-------+---------+---------+-------
